[Event "Early-Titled-Tuesday-Blitz-March-26-2024"]
[Site "Chess.com"]
[Date "2024.03.26"]
[Round "7"]
[White "kritipatel"]
[Black "gummigisla"]
[Result "0-1"]
[WhiteElo "2204"]
[BlackElo "2431"]
[TimeControl "180+1"]
[EndTime "9:10:33 PDT"]
[Termination "gummigisla won by checkmate"]

1. e4 c5 2. d4 cxd4 3. c3 d3 4.
Bxd3 g6 5. c4 Bg7 6. Nc3 Nc6 7.
Nf3 d6 8. O-O Nf6 9. Bf4 O-O 10.
Qe2 Bg4 11. h3 Nd4 12. Qe3 Nxf3+ 13. gxf3 Bxh3 14. Rfd1 Qa5 15. Nd5 Nxd5 16. exd5 Rfe8 17. Kh2 Bd7 18. Bh6 e5 19. Rh1 Qb6 20. Qd2 Bxh6 21. Qxh6 Qxf2# 0-1

[Event "Early-Titled-Tuesday-Blitz-March-26-2024"]
[Site "Chess.com"]
[Date "2024.03.26"]
[Round "7"]
[White "The_Straightforward_Rook"]
[Black "ChessQueen"]
[Result "0-1"]
[WhiteElo "2407"]
[BlackElo "2719"]
[TimeControl "180+1"]
[EndTime "9:10:56 PDT"]
[Termination "ChessQueen won by resignation"]

1. e4 c6 2. Nc3 d5 3. Nf3 dxe4 4. Nxe4 Nf6 5. Qe2 Nxe4 6. Qxe4 Nd7 7. Bc4 Nf6 8. Ne5 e6 9. Qe2 b5 10. Bd3 Qc7 11.
Nxc6 Bb7 12. Nd4 a6 13. Nf3 Nd5 14. O-O Nf4 15. Qe5 Bd6 16. Qg5 h6 17. Qh4 g5 18.
Nxg5 Nxg2 19. Be4 Nxh4 0-1

[Event "Early-Titled-Tuesday-Blitz-March-26-2024"]
[Site "Chess.com"]
[Date "2024.03.26"]
[Round "7"]
[White "verrbaa"]
[Black "kriscacco"]
[Result "1-0"]
[WhiteElo "2487"]
[BlackElo "2176"]
[TimeControl "180+1"]
[EndTime "9:11:03 PDT"]
[Termination "verrbaa won by resignation"]

1. e4 g6 2. d4 Bg7 3. Nc3 d6 4. Nf3 c6 5. a4 Nf6 6. Bg5 Nbd7 7. Qd2 Qc7 8. Bh6 Bxh6 9. Qxh6 e5 10. dxe5 dxe5 11.
h3 Rf8 12. Bc4 Nc5 13. Ng5 Qe7 14. O-O-O Be6 15. Nxe6 Nxe6 16. g3 Nc5 17. f4 Rd8 18. Rxd8+ Kxd8 19. fxe5 Qxe5 20. Qxf8+ 1-0

[Event "Early-Titled-Tuesday-Blitz-March-26-2024"]
[Site "Chess.com"]
[Date "2024.03.26"]
[Round "7"]
[White "Payyappat"]
[Black "KNVB"]
[Result "0-1"]
[WhiteElo "2535"]
[BlackElo "2769"]
[TimeControl "180+1"]
[EndTime "9:11:13 PDT"]
[Termination "KNVB won by resignation"]

1. e4 b6 2. Ne2 Bb7 3. Nbc3 e6 4. d3 Nf6 5. g3 d5 6. Bg2 dxe4 7. dxe4 Qxd1+ 8.
Kxd1 Nc6 9. Be3 O-O-O+ 10. Kc1 Ng4 11. Rd1 Nxe3 12. fxe3 Bc5 13. Nd4 Nxd4 14. exd4 Bxd4 15. Rd3 Ba6 16. Rf3 Rd7 17. b3 Rhd8 18. Kb2 Be2 19. Rf4 g5 20. Re1 gxf4 21. Rxe2 fxg3 22. hxg3 Rg8 23. e5 Rxg3 0-1

[Event "Early-Titled-Tuesday-Blitz-March-26-2024"]
[Site "Chess.com"]
[Date "2024.03.26"]
[Round "7"]
[White "Fore_Man"]
[Black "ajeale2"]
[Result "0-1"]
[WhiteElo "2281"]
[BlackElo "2437"]
[TimeControl "180+1"]
[EndTime "9:11:34 PDT"]
[Termination "ajeale2 won by resignation"]

1. Nf3 d5 2. d4 Nf6 3. c4 e6 4.
Bg5 a6 5. cxd5 exd5 6. Nc3 Be6 7. e3 Bd6 8. Bd3 O-O 9. O-O c6 10. Qc2 h6 11. Bh4 Nbd7 12. Rac1 b5 13. Bf5 Rc8 14. Bxe6 fxe6 15. e4 Be7 16. e5 Nh5 17. Qg6 Nf4 18. Bxe7 Qxe7 19. Qg4 b4 20. g3 h5 21. Qg5 Nh3+ 0-1

[Event "Early-Titled-Tuesday-Blitz-March-26-2024"]
[Site "Chess.com"]
[Date "2024.03.26"]
[Round "7"]
[White "WilsonPalencia21"]
[Black "MatthewG-p4p"]
[Result "0-1"]
[WhiteElo "2589"]
[BlackElo "2871"]
[TimeControl "180+1"]
[EndTime "9:11:40 PDT"]
[Termination "MatthewG-p4p won by checkmate"]

1. d4 Nf6 2. c4 c5 3. d5 e6 4. Nc3 exd5 5. cxd5 d6 6. g3 g6 7. Bg2 Bg7 8. Nf3 O-O 9. O-O Re8 10. Nd2 Nbd7 11. h3 a6 12. a4 Rb8 13. Nc4 Ne5 14.
Nxe5 Rxe5 15. e4 b5 16. axb5 axb5 17. f4 Re8 18. e5 dxe5 19. fxe5 Rxe5 20. Bf4 Nh5 21.
Bxe5 Bxe5 22. Qf3 f5 23. g4 Ng3 24. gxf5 Bxf5 25. Rfe1 Qd6 26. Ra6 Bd4+ 27. Kh2 Nf1+ 28. Kh1 Qh2# 0-1

[Event "Early-Titled-Tuesday-Blitz-March-26-2024"]
[Site "Chess.com"]
[Date "2024.03.26"]
[Round "7"]
[White "ritanovikova"]
[Black "LeoWin2012"]
[Result "0-1"]
[WhiteElo "2114"]
[BlackElo "2295"]
[TimeControl "180+1"]
[EndTime "9:11:50 PDT"]
[Termination "LeoWin2012 won by resignation"]

1. e4 e5 2. Nf3 Nf6 3. Nxe5 d6 4.
Nf3 Nxe4 5. d3 Nf6 6. d4 d5 7.
Be2 Be7 8. O-O O-O 9. h3 c6 10. b3 Nbd7 11. c4 Re8 12. Re1 Nf8 13. Ba3 Ng6 14. Bxe7 Rxe7 15. Nc3 Ne4 16. Nxe4 dxe4 17. Nh2 Rd7 18. Qc2 Rxd4 19. Rad1 Be6 20. Rxd4 Qxd4 21. Bg4 Bxg4 22. Rxe4 Qa1+ 23. Nf1 Bf5 24. Re8+ Rxe8 25.
Qxf5 Re1 26. Qc8+ Nf8 27. Qxb7 Rxf1+ 28. Kh2 Qe5+ 0-1

[Event "Early-Titled-Tuesday-Blitz-March-26-2024"]
[Site "Chess.com"]
[Date "2024.03.26"]
[Round "7"]
[White "Kotlyar_K"]
[Black "UK_23"]
[Result "1-0"]
[WhiteElo "2590"]
[BlackElo "2399"]
[TimeControl "180+1"]
[EndTime "9:12:00 PDT"]
[Termination "Kotlyar_K won by resignation"]

1. e4 e5 2. Nf3 Nf6 3. d4 exd4 4. e5 Ne4 5. Qxd4 d5 6. exd6 Nxd6 7. Nc3 Nc6 8. Qf4 Bf5 9. Bb5 Qe7+ 10. Be3 O-O-O 11.
Bxc6 bxc6 12. Qa4 Ne4 13. Qa6+ Kd7 14. O-O-O+ Nd6 15. Rhe1 Be6 16. Ne5+ Ke8 17. Qxc6+ Bd7 18. Nxd7 Qxd7 19. Bg5+ 1-0

[Event "Early-Titled-Tuesday-Blitz-March-26-2024"]
[Site "Chess.com"]
[Date "2024.03.26"]
[Round "7"]
[White "mertfelin"]
[Black "Xavier_mompel"]
[Result "0-1"]
[WhiteElo "2402"]
[BlackElo "2353"]
[TimeControl "180+1"]
[EndTime "9:12:03 PDT"]
[Termination "Xavier_mompel won by resignation"]

1. e4 c5 2. Nf3 d6 3. d4 cxd4 4. Nxd4 Nf6 5. Nc3 a6 6. h3 e5 7. Nf3 h5 8. Bg5 Be7 9. Qd2 Be6 10. Bxf6 Bxf6 11. Nd5 Be7 12. Bc4 Nc6 13. Rd1 Bxd5 14.
Qxd5 O-O 15. O-O Rc8 16. Rd2 Nb4 17. Qxb7 Rxc4 18. Nxe5 Qc7 19. Qxc7 Rxc7 20. Nf3 Rxc2 21. Rd4 Rxb2 22. a3 Nc6 23. Ra4 Rb6 24. Rd1 Rfb8 25.
Kh2 a5 26. Rd5 Rb5 27. Rd3 Ne5 28. Nxe5 dxe5 29. Rc4 Rb3 30. Rd7 R8b7 31. Rc8+ Kh7 32. Rd5 Rxa3 33. Rxe5 Bd6 0-1

[Event "Early-Titled-Tuesday-Blitz-March-26-2024"]
[Site "Chess.com"]
[Date "2024.03.26"]
[Round "7"]
[White "Speed-O-Sonic"]
[Black "Knightmare1014"]
[Result "0-1"]
[WhiteElo "2449"]
[BlackElo "2331"]
[TimeControl "180+1"]
[EndTime "9:12:07 PDT"]
[Termination "Knightmare1014 won by resignation"]

1. e4 c5 2. Nc3 e6 3. Nge2 a6 4. g3 Nc6 5. d4 cxd4 6. Nxd4 Qc7 7. Bg2 Nf6 8. O-O b5 9. Bg5 Be7 10. e5 Ng8 11. Bxe7 Ngxe7 12. Ne4 O-O 13. f4 Nxd4 14.
Qxd4 Bb7 15. c3 Nf5 16. Rad1 Nxd4 0-1

[Event "Early-Titled-Tuesday-Blitz-March-26-2024"]
[Site "Chess.com"]
[Date "2024.03.26"]
[Round "7"]
[White "AlainBruxelles"]
[Black "AquivaRubinstein"]
[Result "0-1"]
[WhiteElo "2378"]
[BlackElo "2580"]
[TimeControl "180+1"]
[EndTime "9:12:08 PDT"]
[Termination "AquivaRubinstein won by resignation"]

1. e4 Nf6 2. e5 Nd5 3. d4 d6 4. c4 Nb6 5. f4 dxe5 6. fxe5 c5 7.
d5 e6 8. Nc3 exd5 9. cxd5 c4 10.
Nf3 Bb4 11. Bg5 Qxd5 12. Qxd5 Nxd5 13. O-O-O Ne7 14. Bxc4 Bxc3 15. bxc3 Nbc6 16. Rhe1 O-O 17. Nd4 Bg4 18. Rd2 Rac8 19. e6 f6 20. Be3 Ne5 21.
Bb3 Rxc3+ 22. Nc2 Nd3+ 0-1

[Event "Early-Titled-Tuesday-Blitz-March-26-2024"]
[Site "Chess.com"]
[Date "2024.03.26"]
[Round "7"]
[White "mishanick"]
[Black "balack95"]
[Result "1-0"]
[WhiteElo "3063"]
[BlackElo "2463"]
[TimeControl "180+1"]
[EndTime "9:12:09 PDT"]
[Termination "mishanick won by resignation"]

1. d4 Nf6 2. c4 e6 3. Nc3 Bb4 4.
e3 O-O 5. Bd3 c5 6. a3 Bxc3+ 7.
bxc3 b6 8. e4 Bb7 9. e5 Ne8 10.
Nf3 f5 11. d5 exd5 12. cxd5 Bxd5 13. Bxf5 Nc7 14. Bxh7+ Kxh7 15. Ng5+ Kg8 16. Qh5 Rf5 17.
Qh7+ Kf8 18. Qxf5+ Kg8 19. Qh7+ Kf8 20. Qh8+ Bg8 21.
O-O Nc6 22. Re1 Qe7 23. Re3 Nxe5 24. Rg3 Ng6 25. Rf3+ 1-0

[Event "Early-Titled-Tuesday-Blitz-March-26-2024"]
[Site "Chess.com"]
[Date "2024.03.26"]
[Round "7"]
[White "pfalcon1949"]
[Black "kyuotbi"]
[Result "1-0"]
[WhiteElo "2062"]
[BlackElo "2275"]
[TimeControl "180+1"]
[EndTime "9:12:14 PDT"]
[Termination "pfalcon1949 won by resignation"]

1. e4 e5 2. Nf3 Nc6 3. Nc3 Nf6 4. Nxe5 Nxe5 5. d4 Nc6 6. d5 Nb8 7. e5 Ng8 8. d6 cxd6 9. exd6 Qb6 10. Nb5 Na6 11.
Be3 Qa5+ 12. c3 Nf6 13. Bc4 b6 14. O-O Bb7 15. Re1 O-O-O 16. b4 Qxb4 17. cxb4 1-0

[Event "Early-Titled-Tuesday-Blitz-March-26-2024"]
[Site "Chess.com"]
[Date "2024.03.26"]
[Round "7"]
[White "DenLaz"]
[Black "moro182"]
[Result "1-0"]
[WhiteElo "3088"]
[BlackElo "2892"]
[TimeControl "180+1"]
[EndTime "9:12:17 PDT"]
[Termination "DenLaz won by resignation"]

1. d4 g6 2. c4 Bg7 3. Nf3 d6 4. g3 Bd7 5. Bg2 Qc8 6. O-O Nc6 7. Nc3 Bh3 8. e4 h5 9. Bxh3 Qxh3 10. d5 Ne5 11. Ng5 Qd7 12. f4 Ng4 13. h3 N4h6 14. Qd3 O-O-O 15. Be3 h4 16. g4 Kb8 17. Kh1 a6 18.
Bf2 Nf6 19. a4 Nh7 20. Qe3 c5 21. dxc6 Qxc6 22. Nd5 Rde8 23. b4 Bxa1 24. Qa7+ Kc8 25. b5 1-0

[Event "Early-Titled-Tuesday-Blitz-March-26-2024"]
[Site "Chess.com"]
[Date "2024.03.26"]
[Round "7"]
[White "forevery0ung"]
[Black "crescentmoon2411"]
[Result "0-1"]
[WhiteElo "2741"]
[BlackElo "2894"]
[TimeControl "180+1"]
[EndTime "9:12:17 PDT"]
[Termination "crescentmoon2411 won by resignation"]

1. Nf3 d5 2. c4 d4 3. e3 Nc6 4.
Na3 e5 5. exd4 e4 6. d5 exf3 7. Qxf3 Nd4 8. Qe3+ Qe7 9. Bd3 Nf5 10. Bxf5 Bxf5 11.
Nb5 O-O-O 12. Nxa7+ Kb8 13. Nb5 Bd3 14. b3 Nf6 15.
Nc3 Re8 16. Kd1 Ng4 17. Qf3 Qh4 18. g3 Nxf2+ 0-1

[Event "Early-Titled-Tuesday-Blitz-March-26-2024"]
[Site "Chess.com"]
[Date "2024.03.26"]
[Round "7"]
[White "RamonManon0g"]
[Black "Switzerlamb"]
[Result "1-0"]
[WhiteElo "2406"]
[BlackElo "2552"]
[TimeControl "180+1"]
[EndTime "9:12:25 PDT"]
[Termination "RamonManon0g won by resignation"]

1. e4 c5 2. Nf3 d6 3. Bb5+ Nd7 4. a4 Nf6 5. Nc3 e6 6. O-O Be7 7. d4 cxd4 8. Qxd4 O-O 9. h3 Qc7 10. Bg5 h6 11. Bh4 Ne5 12. Nxe5 dxe5 13. Qe3 Rd8 14.
Rad1 a6 15. Be2 Bd7 16. Rd2 Bc6 17. Rfd1 Rxd2 18. Rxd2 Rb8 19. Bg3 Be8 20. Kh2 Bc5 21. Qd3 Bd4 22. Qxd4 exd4 23. Bxc7 dxc3 24. Bxb8 cxd2 25. Bf4 Nxe4 26. f3 Nc5 27. b3 Kf8 28. Bd6+ 1-0

[Event "Early-Titled-Tuesday-Blitz-March-26-2024"]
[Site "Chess.com"]
[Date "2024.03.26"]
[Round "7"]
[White "ChessSwole"]
[Black "amylazy"]
[Result "0-1"]
[WhiteElo "2664"]
[BlackElo "2421"]
[TimeControl "180+1"]
[EndTime "9:12:27 PDT"]
[Termination "amylazy won by checkmate"]

1. d4 Nf6 2. c4 g6 3. Nc3 d5 4. Nf3 Bg7 5. Bg5 Ne4 6. Bf4 Nxc3 7. bxc3 dxc4 8. e3 Be6 9. Ng5 Bd5 10. e4 h6 11. exd5 hxg5 12. Qa4+ Kf8 13. Bg3 Qxd5 14. Bxc4 Qxg2 15. O-O-O Nc6 16. Qb5 Qf3 17. Kc2 Bf6 18. Rhe1 a6 19. Qc5 Kg7 20. d5 Qxc3+ 21. Kb1 Qb2# 0-1

[Event "Early-Titled-Tuesday-Blitz-March-26-2024"]
[Site "Chess.com"]
[Date "2024.03.26"]
[Round "7"]
[White "Cobysters"]
[Black "Szparu"]
[Result "0-1"]
[WhiteElo "2575"]
[BlackElo "2813"]
[TimeControl "180+1"]
[EndTime "9:12:44 PDT"]
[Termination "Szparu won by checkmate"]

1. c4 e6 2. Nc3 d5 3. d4 c6 4. Nf3 dxc4 5. a4 Bb4 6. e4 b5 7.
axb5 cxb5 8. Bd2 Bxc3 9. Bxc3 a5 10. b3 Bb7 11. d5 Nf6 12. bxc4 Nbd7 13. cxb5 exd5 14.
exd5 O-O 15. Be2 Nxd5 16. Bb2 Re8 17. O-O Nf4 18. Bc4 Nb6 19. Ba2 Nxg2 20. Qxd8 Raxd8 21.
Ng5 Nf4 22. Bxf7+ Kh8 23. Bxe8 Ne2# 0-1

[Event "Early-Titled-Tuesday-Blitz-March-26-2024"]
[Site "Chess.com"]
[Date "2024.03.26"]
[Round "7"]
[White "Shiner22"]
[Black "LileKoridze"]
[Result "0-1"]
[WhiteElo "2292"]
[BlackElo "2452"]
[TimeControl "180+1"]
[EndTime "9:12:47 PDT"]
[Termination "LileKoridze won by resignation"]

1. e4 c5 2. d4 cxd4 3. c3 dxc3 4. Nxc3 d6 5. Bc4 e6 6. Nf3 Nf6 7. Qe2 Nc6 8. O-O a6 9. Rd1 Qc7 10. Bf4 Be7 11. Rac1 O-O 12. e5 dxe5 13. Nxe5 Nxe5 14.
Bxe5 Qa5 15. Rd3 b5 16. Bb3 Bb7 17. Rg3 Kh8 18. Bc2 Rfd8 19. Bxh7 Kxh7 20. Rh3+ Kg8 21. Bxf6 Bxf6 22. Qh5 Kf8 23. Re3 Rac8 0-1

[Event "Early-Titled-Tuesday-Blitz-March-26-2024"]
[Site "Chess.com"]
[Date "2024.03.26"]
[Round "7"]
[White "rcmz"]
[Black "stratacticos"]
[Result "1-0"]
[WhiteElo "2210"]
[BlackElo "1860"]
[TimeControl "180+1"]
[EndTime "9:12:47 PDT"]
[Termination "rcmz won by resignation"]

1. b4 e5 2. Bb2 Bxb4 3. Bxe5 Nf6 4. c4 Nc6 5. Bb2 O-O 6. e3 Re8 7. Nf3 d5 8. cxd5 Nxd5 9. Be2 Rxe3 10. fxe3 Nxe3 11.
Qb3 Nxg2+ 12. Kd1 Be6 13. Qd3 Qe7 14. Rg1 Nf4 15. Rxg7+ Kf8 16. Qxh7 Qd6 17. Rg8+ Ke7 18. Qh4+ Kd7 19. Rxa8 Nd3 20. Bxd3 Qxd3 21. Ne5+ Nxe5 22.
Rd8+ 1-0

[Event "Early-Titled-Tuesday-Blitz-March-26-2024"]
[Site "Chess.com"]
[Date "2024.03.26"]
[Round "7"]
[White "Bada_norovsambuu"]
[Black "atalz0"]
[Result "0-1"]
[WhiteElo "2212"]
[BlackElo "2366"]
[TimeControl "180+1"]
[EndTime "9:12:48 PDT"]
[Termination "atalz0 won by checkmate"]

1. Nf3 Nf6 2. d4 e6 3. c4 d5 4.
g3 dxc4 5. Bg2 Nc6 6. O-O Rb8 7.
Re1 Be7 8. e4 O-O 9. Nc3 b5 10.
a4 a6 11. e5 Nd5 12. Ne4 Bb7 13. Qc2 Ncb4 14. Qb1 Nd3 15. Rd1 h6 16. Ne1 N5b4 17. Bd2 Qxd4 18. Bc3 Qb6 19. a5 Qa7 20. Bxb4 Bxe4 21.
Bxe4 Qxf2+ 22. Kh1 Qf1# 0-1

[Event "Early-Titled-Tuesday-Blitz-March-26-2024"]
[Site "Chess.com"]
[Date "2024.03.26"]
[Round "7"]
[White "profedechess93"]
[Black "alexrustemov"]
[Result "0-1"]
[WhiteElo "2654"]
[BlackElo "2933"]
[TimeControl "180+1"]
[EndTime "9:12:55 PDT"]
[Termination "alexrustemov won by resignation"]

1. e4 e6 2. d4 d5 3. Nc3 dxe4 4. Nxe4 Bd7 5. Nf3 Bc6 6. Neg5 Nd7 7. Nxf7 Kxf7 8.
Ng5+ Ke8 9. Nxe6 Qe7 10. Bc4 Qb4+ 11. c3 Qxc4 12. Nxc7+ Kd8 13. Nxa8 Bd6 14. Qg4 Ngf6 15. Qxg7 Re8+ 16. Be3 Qd3 17. a4 Bd5 18. Rd1 Rxe3+ 0-1

[Event "Early-Titled-Tuesday-Blitz-March-26-2024"]
[Site "Chess.com"]
[Date "2024.03.26"]
[Round "7"]
[White "ChelsieMonica"]
[Black "Agibileg"]
[Result "0-1"]
[WhiteElo "2552"]
[BlackElo "2759"]
[TimeControl "180+1"]
[EndTime "9:12:55 PDT"]
[Termination "Agibileg won by resignation"]

1. e4 c5 2. Nf3 d6 3. d4 cxd4 4. Nxd4 Nf6 5. Nc3 e5 6. Nb3 Be6 7.
Be2 Be7 8. Be3 Nbd7 9. Qd2 O-O 10. O-O-O a6 11. Kb1 Rc8 12. f3 b5 13. Nd5 Nxd5 14.
exd5 Bf5 15. Bd3 Bxd3 16. Qxd3 Bg5 17. h4 Bxe3 18. Qxe3 Nb6 19. Na5 Qc7 20. c3 Nc4 21.
Nxc4 Qxc4 22. h5 b4 23. cxb4 Qxb4 24. h6 g6 25. a3 Qb5 26. Rd2 Rc5 27. Rhd1 f6 28. f4 Rc4 29. fxe5 fxe5 30. Qg5 Qd7 31. Ka2 a5 32. Rd3 Rg4 33. Qd2 a4 34. Rc1 Rgf4 35.
Qb4 Rxb4 0-1

[Event "Early-Titled-Tuesday-Blitz-March-26-2024"]
[Site "Chess.com"]
[Date "2024.03.26"]
[Round "7"]
[White "Mysterio47"]
[Black "esrosenberg"]
[Result "1-0"]
[WhiteElo "2722"]
[BlackElo "2499"]
[TimeControl "180+1"]
[EndTime "9:12:57 PDT"]
[Termination "Mysterio47 won by checkmate"]

1. d4 d5 2. Nc3 Nf6 3. Bf4 a6 4.
e3 e6 5. g4 Bb4 6. Ne2 b5 7.
a3 Be7 8. g5 Nh5 9. h4 Nxf4 10.
Nxf4 c5 11. Bg2 c4 12. e4 dxe4 13. Nxe4 Ra7 14. d5 Bd6 15. Qd4 O-O 16. Nh5 e5 17. Qxa7 Bf5 18. Qe3 Bc7 19. Nhg3 Bd7 20. h5 Bb6 21.
Qf3 f5 22. gxf6 gxf6 23. Nf5 Kh8 24. O-O-O Rg8 25. Bh3 b4 26. Nh6 Rg7 27. Rdg1 bxa3 28. Qxa3 f5 29. Rxg7 Kxg7 30. Rg1+ Kxh6 31. Qd6+ Kxh5 32.
Ng3+ Kh4 33. Qh6# 1-0

[Event "Early-Titled-Tuesday-Blitz-March-26-2024"]
[Site "Chess.com"]
[Date "2024.03.26"]
[Round "7"]
[White "djano"]
[Black "wild3000"]
[Result "1-0"]
[WhiteElo "2658"]
[BlackElo "2452"]
[TimeControl "180+1"]
[EndTime "9:12:57 PDT"]
[Termination "djano won by resignation"]

1. e4 e6 2. b3 c5 3. Bb2 Nc6 4. Bb5 Qc7 5. Nf3 a6 6. Bxc6 Qxc6 7. O-O b5 8. d4 cxd4 9. Nxd4 Qc7 10.
Nc3 Bb7 11. Re1 d6 12. a4 b4 13. Nd5 exd5 14. exd5+ Ne7 15. c4 bxc3 16. Rc1 Bxd5 17. Rxc3 Qb7 18. Nf5 Rd8 19. Ba3 Be6 20. Nxd6+ Rxd6 21. Qxd6 Nd5 22. Rxe6+ fxe6 23. Qxe6+ Ne7 24. Bxe7 1-0

[Event "Early-Titled-Tuesday-Blitz-March-26-2024"]
[Site "Chess.com"]
[Date "2024.03.26"]
[Round "7"]
[White "ContrVersia"]
[Black "babyking1205"]
[Result "1-0"]
[WhiteElo "2914"]
[BlackElo "2636"]
[TimeControl "180+1"]
[EndTime "9:12:58 PDT"]
[Termination "ContrVersia won by resignation"]

1. Nf3 c5 2. e4 d6 3. d4 cxd4 4.
Nxd4 Nf6 5. Nc3 a6 6. h3 e5 7.
Nf3 Be7 8. Bc4 b5 9. Bb3 Be6 10. O-O h6 11. Re1 O-O 12. Nh2 Nbd7 13. Be3 Rc8 14.
Ng4 Nxg4 15. hxg4 Nb6 16. Bxb6 Qxb6 17. Nd5 Bxd5 18. Qxd5 Bh4 19. Re2 Rc5 20. Qd3 Bg5 21. Rd1 Rc6 22. g3 a5 23. c3 a4 24. Bd5 Rc7 25. a3 Be7 26. Kg2 Kh7 27. Rh1 Bg5 28. Ree1 g6 29. Ref1 Kg7 30. f4 Bf6 31. Rh3 g5 32.
Rfh1 Rh8 33. Qf3 Qb8 34. Rh5 Qc8 35. Rf1 b4 36. fxg5 Bxg5 37. Rxg5+ Kf8 38. Rf5 Rh7 39. Bxf7 1-0

[Event "Early-Titled-Tuesday-Blitz-March-26-2024"]
[Site "Chess.com"]
[Date "2024.03.26"]
[Round "7"]
[White "Coach_Istvanovszki"]
[Black "SAInt_666"]
[Result "1-0"]
[WhiteElo "2567"]
[BlackElo "2727"]
[TimeControl "180+1"]
[EndTime "9:12:58 PDT"]
[Termination "Coach_Istvanovszki won by checkmate"]

1. d4 d5 2. Nc3 Nf6 3. Bf4 a6 4. e3 b5 5. h4 e6 6. g4 c5 7. g5 Nfd7 8. Qg4 Nc6 9. O-O-O c4 10. Qg3 Bb4 11. Nge2 Ra7 12. h5 Nf8 13. h6 g6 14. a3 Be7 15. e4 Qa5 16. exd5 exd5 17. Nxd5 Bf5 18. Bg2 Qa4 19. Ne3 Bd7 20. d5 Nd8 21. Nc3 Qa5 22. Bd6 Bxd6 23. Qxd6 Qc7 24. Qf6 Rg8 25. d6 Qb8 26. Qe7# 1-0

[Event "Early-Titled-Tuesday-Blitz-March-26-2024"]
[Site "Chess.com"]
[Date "2024.03.26"]
[Round "7"]
[White "Aleksandar-Topalov"]
[Black "guillembaches"]
[Result "1/2-1/2"]
[WhiteElo "2354"]
[BlackElo "2526"]
[TimeControl "180+1"]
[EndTime "9:13:02 PDT"]
[Termination "Game drawn by repetition"]

1. b3 d5 2. Bb2 Bf5 3. Nf3 e6 4. g3 Nf6 5. Bg2 h6 6. O-O c6 7. d3 Nbd7 8. Nbd2 Bh7 9. c4 Bd6 10. e4 Bb4 11. a3 Ba5 12. b4 Bb6 13. exd5 cxd5 14. cxd5 exd5 15. Re1+ Kf8 16. Nb3 Bg6 17. Bd4 Kg8 18. Nh4 Kh7 19. Nxg6 fxg6 20. Re6 Re8 21.
Qe2 Rxe6 22. Qxe6 Qe8 23. Qxe8 Rxe8 24. Bxb6 axb6 25. Kf1 Rc8 26. Rc1 Ra8 27. Ra1 Rc8 28. Rc1 Ra8 29. Ra1 Rc8 1/2-1/2

[Event "Early-Titled-Tuesday-Blitz-March-26-2024"]
[Site "Chess.com"]
[Date "2024.03.26"]
[Round "7"]
[White "Witik"]
[Black "GiorgianBarbosa"]
[Result "1-0"]
[WhiteElo "2739"]
[BlackElo "2510"]
[TimeControl "180+1"]
[EndTime "9:13:04 PDT"]
[Termination "Witik won by checkmate"]

1. e4 c5 2. Nf3 g6 3. c3 Bg7 4. d4 cxd4 5. cxd4 d5 6. e5 Bg4 7. Nc3 e6 8. Qa4+ Nc6 9. Nb5 Bxf3 10. Nd6+ Kf8 11. gxf3 Qb6 12. Nb5 a6 13. Be3 Nge7 14. Bd3 h5 15. Rc1 Bh6 16. O-O Bxe3 17. fxe3 Nxe5 18.
dxe5 Qxe3+ 19. Kh1 Qxd3 20. Nd6 b5 21. Qh4 Nf5 22.
Qf6 Rg8 23. Qxf7# 1-0

[Event "Early-Titled-Tuesday-Blitz-March-26-2024"]
[Site "Chess.com"]
[Date "2024.03.26"]
[Round "7"]
[White "PolandHussars"]
[Black "jk13"]
[Result "0-1"]
[WhiteElo "2551"]
[BlackElo "2720"]
[TimeControl "180+1"]
[EndTime "9:13:05 PDT"]
[Termination "jk13 won by resignation"]

1. e4 e5 2. Nc3 Nf6 3. g3 d5 4. exd5 Nxd5 5. Bg2 Nxc3 6. bxc3 Nc6 7. Ne2 Be6 8. Rb1 Bd5 9. f3 b6 10. a3 Be7 11. d3 O-O 12. c4 Be6 13. O-O Qd7 14. Re1 Rad8 15. Bb2 Rfe8 16. Qc1 h6 17. f4 Bc5+ 18. Kh1 Bh3 19. Be4 Bf2 20. Rf1 Bxf1 21. Qxf1 Bd4 22. Nxd4 Nxd4 23. fxe5 Rxe5 24. Qf2 c5 25.
Rf1 Rde8 26. Bd5 Rxd5 27. cxd5 Qxd5+ 28. Qg2 Qxg2+ 29. Kxg2 Re2+ 30. Rf2 Rxf2+ 31. Kxf2 Nxc2 32. Ke2 Kf8 33. Kd2 Nd4 34. Bxd4 cxd4 35. Ke2 Ke7 36.
Kf3 f5 37. Kf4 Kf6 0-1

[Event "Early-Titled-Tuesday-Blitz-March-26-2024"]
[Site "Chess.com"]
[Date "2024.03.26"]
[Round "7"]
[White "GMJustin"]
[Black "ragnaroek66"]
[Result "1-0"]
[WhiteElo "2359"]
[BlackElo "2501"]
[TimeControl "180+1"]
[EndTime "9:13:05 PDT"]
[Termination "GMJustin won by resignation"]

1. e4 c5 2. Nf3 Nc6 3. d4 cxd4 4. Nxd4 Nf6 5. Nc3 d6 6. Bg5 e6 7. Bb5 Bd7 8. Bxc6 bxc6 9. Qf3 Qb6 10. O-O-O Rb8 11. Nb3 c5 12. e5 dxe5 13. Bxf6 gxf6 14. Qxf6 Rg8 15. Rxd7 Kxd7 16. Qxf7+ Kc6 17. Qxe6+ Bd6 18. Rd1 Rgd8 19. Ne4 Qc7 20. Qd5+ Kb6 21. Nxd6 1-0

[Event "Early-Titled-Tuesday-Blitz-March-26-2024"]
[Site "Chess.com"]
[Date "2024.03.26"]
[Round "7"]
[White "klimkoj"]
[Black "artooon"]
[Result "0-1"]
[WhiteElo "2818"]
[BlackElo "3026"]
[TimeControl "180+1"]
[EndTime "9:13:06 PDT"]
[Termination "artooon won by resignation"]

1. e4 e5 2. Nf3 Nc6 3. Bb5 a6 4. Ba4 Nf6 5. O-O b5 6. Bb3 Bc5 7. c3 d6 8. d4 Bb6 9. a4 Rb8 10. Qd3 O-O 11. Bg5 h6 12. Bxf6 Qxf6 13. axb5 axb5 14.
Qxb5 Ne7 15. Nbd2 Ng6 16. g3 exd4 17. cxd4 Bh3 18. Qd3 Nf4 19. Qe3 Bxf1 20. Nxf1 Ne6 21. Rd1 Bxd4 22. Rxd4 Rxb3 23. Rd3 Rxd3 24. Qxd3 Qxb2 25.
Ne3 Nc5 26. Qc4 Qb1+ 27. Kg2 Qxe4 28. Qc3 Ne6 29. h4 c5 0-1

[Event "Early-Titled-Tuesday-Blitz-March-26-2024"]
[Site "Chess.com"]
[Date "2024.03.26"]
[Round "7"]
[White "CarlosjPineror"]
[Black "valeriocarnicelli"]
[Result "1-0"]
[WhiteElo "2752"]
[BlackElo "2545"]
[TimeControl "180+1"]
[EndTime "9:13:17 PDT"]
[Termination "CarlosjPineror won by resignation"]

1. e4 e5 2. Nf3 Nc6 3. Bb5 f5 4. Qe2 fxe4 5. Qxe4 Nf6 6. Qe2 d5 7. Nxe5 Be7 8. Nxc6 bxc6 9. Bxc6+ Bd7 10. Bxa8 Qxa8 11. O-O Kf7 12. d4 Bd6 13. f3 a6 14. Qf2 Qb8 15. Nc3 c6 16. g3 Rc8 17. Na4 Bf5 18. b3 h5 19. Bg5 Nh7 20. Bd2 Nf6 21. Nc5 Bxc2 22. Rac1 Bg6 23. Rfe1 h4 24. g4 Kg8 25. Qxh4 Rf8 26. g5 Nh5 27. Nd7 Qa7 28. Nxf8 Kxf8 29.
Rxc6 Bf4 30. Bb4+ Kf7 31. Re7+ Kg8 32. Rxa7 1-0

[Event "Early-Titled-Tuesday-Blitz-March-26-2024"]
[Site "Chess.com"]
[Date "2024.03.26"]
[Round "7"]
[White "1mbl4"]
[Black "Zampronha1971"]
[Result "1-0"]
[WhiteElo "2576"]
[BlackElo "2364"]
[TimeControl "180+1"]
[EndTime "9:13:17 PDT"]
[Termination "1mbl4 won by resignation"]

1. d4 Nf6 2. Bg5 e6 3. e4 h6 4. Bxf6 Qxf6 5. Nf3 d6 6. Bd3 Nc6 7. c3 e5 8. d5 Ne7 9. O-O Ng6 10. Bb5+ Bd7 11. Bxd7+ Kxd7 12. g3 h5 13. h4 Be7 14.
Ng5 a6 15. c4 Nf8 16. Nc3 Qg6 17. Qa4+ Kd8 18. Nf3 Nd7 19. b4 f5 20. exf5 Qxf5 21. Qd1 g5 22. hxg5 h4 23. Nxh4 Rxh4 24. gxh4 Qh3 25.
Ne4 Qxh4 26. Qf3 Nb6 27. Kg2 Nxc4 28. Rh1 1-0